 Dungeon Crawl Stone Soup version 0.22.0-75-g3901e79 (webtiles) character file.

851 jerryfan the Changer (level 7, 0/58 HPs)
             Began as a Red Draconian Transmuter on Sept 11, 2018.
             Was an Initiate of Sif Muna.
             Slain by a two-headed ogre
             ... wielding a +0 giant spiked club
              (21 damage)
             ... on level 8 of the Dungeon on Sept 13, 2018.
             The game lasted 00:22:19 (5318 turns).

jerryfan the Changer (Red Draconian Transmuter)     Turns: 5318, Time: 00:22:19

Health: 0/58       AC:  9    Str: 18    XL:     7   Next: 69%
Magic:  5/12       EV: 13    Int: 17    God:    Sif Muna [......]
Gold:   189        SH:  0    Dex: 11    Spells: 10/13 levels left

rFire    + . .     SeeInvis .     - Unarmed
rCold    + . .     Gourm    .   (no shield)
rNeg     . . .     Faith    .   (armour unavailable)
rPois    .         Spirit   .   h - +2 hat
rElec    .         Reflect  .   e - +0 cloak
rCorr    .         Harm     .   (no gloves)
MR       .....                  (no boots)
Stlth    +.........             (no amulet)
HPRegen  0.19/turn              (no ring)
MPRegen  0.13/turn              (no ring)

@: mighty, appendage, marked
A: breathe fire, unfitting armour, horns 2, clever 1, cold resistance 1, fire
resistance 1, mutation resistance 1, cold-blooded, AC +6
a: Breathe Fire, End Transformation, Renounce Religion


You were on level 8 of the Dungeon.
You worshipped Sif Muna.
Sif Muna was noncommittal.
You were not hungry.
You had grown temporary horns.
You visited 2 branches of the dungeon, and saw 7 of its levels.

You collected 189 gold pieces.

Inventory:

Missiles
 a - 32 arrows
Armour
 e - a +0 cloak (worn)
 h - a +2 hat (worn)
Scrolls
 f - a scroll of amnesia
 k - 2 scrolls of identify
Potions
 i - a potion of resistance
Comestibles
 c - 5 rations
 d - 3 chunks of flesh


   Skills:
 + Level 3.8 Fighting
 + Level 3.5 Dodging
 + Level 4.7 Unarmed Combat
 + Level 3.6 Spellcasting
 * Level 5.4 Transmutations


You had 10 spell levels left.
You knew the following spells:

 Your Spells              Type           Power        Failure   Level  Hunger
a - Beastly Appendage     Tmut           ###...       1%          1    None
b - Sticks to Snakes      Tmut           ###.....     2%          2    ##.....

Your spell library contained the following spells:

 Spells                   Type           Power        Failure   Level  Hunger
 Spider Form              Tmut/Pois      ##........   16%         3    ###....
 Blade Hands              Tmut           ###.......   45%         5    ######.
 Ice Form                 Ice/Tmut       ##......     47%         4    ####...


Dungeon Overview and Level Annotations

Branches:
Dungeon (8/15)             Temple (1/1) D:4
   Lair: D:8-11

Altars:
Ashenzari
Cheibriados
Dithmenos
Elyvilon
Gozag
Hepliaklqana
Makhleb
Nemelex Xobeh
Qazlal
Ru
Sif Muna
Trog
Uskayaw
Vehumet
Wu Jian
Xom
Yredelemnul
Zin
The Shining One

Annotations:
D:3 Sigmund


Innate Abilities, Weirdness & Mutations

You can breathe blasts of fire.
Your fiery red scales are hard. (AC +6)
You cannot fit into any form of body armour.
Your flesh is heat resistant. (rF+)
You are cold-blooded and may be slowed by cold attacks.
You have a pair of horns on your head.
Your mind is acute. (Int +2)
Your flesh is cold resistant. (rC+)
You are somewhat resistant to further mutation.


Message History

The two-headed ogre closely misses you.
Your ball python bites the two-headed ogre.
Casting: Sticks to Snakes (safe; 2% risk of failure)
Confirm with . or Enter, or press ? or * to list all spells.
You create 2 snakes!
You now have 32 arrows.
Your ball python bites the two-headed ogre but does no damage.
Your ball python barely misses the two-headed ogre.
Your ball python bites the two-headed ogre but does no damage.
The two-headed ogre closely misses you. x2
You hit the two-headed ogre. You tail-slap the two-headed ogre.
The two-headed ogre is lightly wounded.
Your ball python bites the two-headed ogre. x3
Your adder bites the two-headed ogre.
The two-headed ogre is poisoned.
Your adder poisons the two-headed ogre!
Your ball python barely misses the two-headed ogre.
You hit the two-headed ogre.
The two-headed ogre is moderately wounded.
Your ball python bites the two-headed ogre but does no damage. x2
The two-headed ogre hits you with a giant spiked club!!
You die...

.$#.......#
..##..... ..##...#
..##...# ..''..#
#########
..##..###_#.#.#8#
#.....8.#.#.#.#.##
#...#'........SSS#
#...#.........SO@#
......8.#.#.#.#.S#
#######.#.###.####
...# ##########
##.# #...##...#
##.# ##.......#
...#####.####..#
...........#...#
####.......#..##


You could see a two-headed ogre, a friendly adder and 4 friendly ball pythons.

Vanquished Creatures
  A necrophage (D:8)
  An ogre (D:8)
  A centaur (D:8)
  2 hounds (D:4)
  Crazy Yiuf (D:3)
  2 orc priests
  A jelly (D:4)
  3 orc wizards
  A centaur skeleton (D:3)
  4 worker ants (D:4)
  A hound skeleton (D:8)
  Robin (D:3)
  A worker ant zombie (D:8)
  7 adders
  A shadow imp (D:8)
  An ooze (D:3)
  2 adder skeletons
  3 worms
  A dart slug (D:3)
  2 leopard geckos
  14 orcs
  3 ball pythons
  2 bats
  2 giant cockroaches
  14 hobgoblins
  8 jackals
  4 kobolds
  9 frilled lizards
  13 goblins
  A leopard gecko skeleton (D:4)
  A quokka skeleton (D:4)
  4 rats
112 creatures vanquished.

Vanquished Creatures (collateral kills)
  A bat (D:2)
  A kobold (D:2)
2 creatures vanquished.

Vanquished Creatures (others)
  An orc wizard (D:7)
  5 toadstools (D:1)
6 creatures vanquished.

Grand Total: 120 creatures vanquished

Notes
Turn   | Place    | Note
-------+----------+-------------------------------------------
     0 | D:1      | jerryfan the Draconian Transmuter began the quest for the
                  | Orb.
     0 | D:1      | Reached XP level 1. HP: 16/16 MP: 3/3
   196 | D:1      | Reached XP level 2. HP: 23/23 MP: 3/5
   263 | D:1      | Learned a level 2 spell: Sticks to Snakes
   621 | D:1      | Reached XP level 3. HP: 27/28 MP: 6/6
  1139 | D:2      | Found a basalt altar of Yredelemnul.
  1470 | D:3      | Found a sparkling altar of Nemelex Xobeh.
  1486 | D:3      | Reached skill level 3 in Transmutations
  1568 | D:3      | Reached XP level 4. HP: 31/36 MP: 5/7
  1800 | D:3      | Noticed Sigmund
  1960 | D:3      | Noticed Robin
  1996 | D:3      | Killed Robin
  2013 | D:3      | Gained mutation: You are agile. (Dex +2) [potion of
                  | mutation]
  2013 | D:3      | Lost mutation: You are agile. (Dex +2) [potion of mutation]
  2013 | D:3      | Gained mutation: Your tail ends in a poisonous barb.
                  | [potion of mutation]
  2249 | D:3      | Reached XP level 5. HP: 40/41 MP: 8/8
  2851 | D:3      | Found a runed door.
  2855 | D:3      | Noticed Crazy Yiuf
  2865 | D:3      | Killed Crazy Yiuf
  3125 | D:4      | Found a staircase to the Ecumenical Temple.
  3246 | Temple   | Entered the Ecumenical Temple
  3576 | Temple   | Became a worshipper of Sif Muna the Loreminder
  3628 | D:4      | Reached skill level 4 in Transmutations
  3628 | D:4      | Reached XP level 6. HP: 50/50 MP: 8/10
  4475 | D:4      | You fall through a shaft for 3 floors!
  4500 | D:7      | Lost mutation: Your tail ends in a poisonous barb. [potion
                  | of mutation]
  4500 | D:7      | Gained mutation: Your magical capacity is low. (-10% MP)
                  | [potion of mutation]
  4500 | D:7      | Gained mutation: Your large and strong wings let you fly
                  | indefinitely. [potion of mutation]
  4500 | D:7      | Gained mutation: Your flesh is cold resistant. (rC+)
                  | [potion of mutation]
  4501 | D:7      | Lost mutation: Your magical capacity is low. (-10% MP)
                  | [potion of mutation]
  4501 | D:7      | Lost mutation: Your large and strong wings let you fly
                  | indefinitely. [potion of mutation]
  4501 | D:7      | Gained mutation: Your mind is acute. (Int +2) [potion of
                  | mutation]
  4501 | D:7      | Gained mutation: You are somewhat resistant to further
                  | mutation. [potion of mutation]
  4716 | D:8      | Your scales start taking on a fiery red colour.
  4716 | D:8      | Reached XP level 7. HP: 25/57 MP: 10/12
  4716 | D:8      | Gained mutation: Your flesh is heat resistant. (rF+) [Red
                  | Draconian growth]
  4929 | D:8      | Reached skill level 5 in Transmutations
  5237 | D:8      | Noticed a two-headed ogre
  5303 | D:8      | Found a snail-covered altar of Cheibriados.
  5304 | D:8      | Found a hazy altar of Hepliaklqana.
  5304 | D:8      | Found a shadowy altar of Dithmenos.
  5318 | D:8      | Slain by a two-headed ogre

Skill      XL: |  1  2  3  4  5  6  7 |
---------------+----------------------+-----
Dodging        | 2 3 |  3.5
Transmutations | 3 4 5 |  5.4
Fighting       | 2 3 |  3.8
Unarmed Combat | 4 |  4.7
Spellcasting   | 3 |  3.6

Action                   |  1- 3 |  4- 6 |  7- 9 || total
-------------------------+-------+-------+-------++-------
Melee: Unarmed           |   118 |   376 |    46 ||   540
       Kick              |     7 |    17 |       ||    24
       Tailslap          |     9 |    30 |     8 ||    47
       Headbutt          |     9 |    10 |       ||    19
       Punch             |       |     6 |       ||     6
 Cast: Beastly Appendage |    21 |    22 |     1 ||    44
       Sticks to Snakes  |     3 |    12 |     3 ||    18
 Abil: Breathe Fire      |       |       |     5 ||     5
  Use: Potion            |       |    11 |     1 ||    12
       Scroll            |       |     8 |       ||     8
  Eat: Chunk             |     3 |    11 |     3 ||    17
Armor: Skin              |    31 |   136 |     5 ||   172
Dodge: Dodged            |    69 |   216 |    28 ||   313
